 Dungeon Crawl Stone Soup version 0.28.0-45-g0d030f2227 (webtiles) character file.

Game seed: 17382620102088272038

1773 Zeld the Cleaver (level 8, -10/73 HPs)
             Began as a Minotaur Berserker on Apr 18, 2022.
             Was a Priest of Trog.
             Mangled by an ice beast (13 damage)
             ... on level 6 of the Dungeon.
             The game lasted 00:04:07 (6771 turns).

Zeld the Cleaver (Minotaur Berserker)               Turns: 6771, Time: 00:04:08

Health: -10/73     AC:  5    Str: 25    XL:     8   Next: 80%
Magic:  7/7        EV: 13    Int:  4    God:    Trog [***...]
Gold:   182        SH:  0    Dex:  9    Spells: 7/7 levels left

rFire   . . .      SeeInvis +   a - +0 hand axe
rCold   . . .      Faith    .   (no shield)
rNeg    . . .      Spirit   .   b - +0 animal skin
rPois   +          Reflect  .   (helmet restricted)
rElec   .          Harm     .   g - +0 cloak
rCorr   .          Rampage  .   c - +0 pair of gloves
Will    ++...                   (no boots)
Stlth   +.........              (no amulet)
HPRegen 1.22/turn               m - ring of poison resistance
MPRegen 0.10/turn               w - ring of see invisible

@: strong-willed, on berserk cooldown, regenerating, slowed, very slow
A: horns 2, retaliatory headbutt
a: Renounce Religion, Berserk, Trog's Hand


You were on level 6 of the Dungeon.
You worshipped Trog.
Trog was most pleased with you.
You visited 2 branches of the dungeon, and saw 7 of its levels.

You collected 182 gold pieces.

Inventory:

Hand Weapons
 a - a +0 hand axe (weapon)
Armour
 b - a +0 animal skin (worn)
 c - a +0 pair of gloves (worn)
 g - a +0 cloak (worn)
Jewellery
 d - a ring of protection from cold
 m - a ring of poison resistance (left hand)
 w - a ring of see invisible (right hand)
Wands
 z - a wand of digging (6)
Scrolls
 e - 3 scrolls of amnesia {unknown}
 h - a scroll of enchant weapon {unknown}
 i - a scroll of noise {unknown}
 j - a scroll of silence {unknown}
 k - 2 scrolls of teleportation {unknown}
 l - a scroll of holy word {unknown}
 n - 2 scrolls of magic mapping {unknown}
 p - 2 scrolls of identify {unknown}
 s - a scroll of vulnerability {unknown}
 u - a scroll of fog {unknown}
 x - a scroll of brand weapon {unknown}
 y - a scroll of blinking {unknown}
 B - a scroll of fear {unknown}
 C - a scroll of immolation {unknown}
Potions
 f - 2 potions of degeneration {unknown}
 o - a potion of heal wounds {unknown}
 q - 2 potions of invisibility {unknown}
 r - 2 potions of curing {unknown}
 t - 3 potions of resistance {unknown}
 v - a potion of cancellation {unknown}
 A - a potion of lignification {unknown}


   Skills:
 + Level 7.0 Fighting
 * Level 9.2 Axes
 + Level 6.4 Armour
 + Level 5.8 Dodging
 + Level 1.4 Evocations


You had 7 spell levels left.
You didn't know any spells.
Your spell library was empty.

Dungeon Overview and Level Annotations

Branches:
Dungeon (6/15)             Temple (1/1) D:5

Altars:
Ashenzari
Cheibriados
Dithmenos
Elyvilon
Fedhas
Gozag
Hepliaklqana
Kikubaaqudgha
Makhleb
Nemelex Xobeh
Okawaru
Qazlal
Ru
Sif Muna
Trog
Uskayaw
Vehumet
Wu Jian
Xom
Yredelemnul
Zin
The Shining One


Innate Abilities, Weirdness & Mutations

You have a pair of horns on your head.
You reflexively headbutt those who attack you in melee.


Message History

You hit the black bear but do no damage.
The black bear is almost dead.
The black bear bites you.
* * * LOW HITPOINT WARNING * * *
The black bear claws you but does no damage.
The black bear claws you.
* * * LOW HITPOINT WARNING * * *
The black bear bites you but does no damage.
The black bear claws you.
* * * LOW HITPOINT WARNING * * *
The black bear claws you.
* * * LOW HITPOINT WARNING * * *
You slash the black bear!
You kill the black bear!
Trog accepts your kill.
Your Fighting skill increases to level 7!
Unknown command.
You hit the ice beast but do no damage. Your headbutt misses the ice beast.
The ice beast barely misses you. The ice beast closely misses you.
You hit the ice beast but do no damage. You headbutt the ice beast!
The ice beast is heavily wounded.
The ice beast hits you.
* * * LOW HITPOINT WARNING * * *
The ice beast freezes you!
* * * LOW HITPOINT WARNING * * *
Unknown command.
Okay, then.
Okay, then.
Unknown command.
Unknown command.
Unknown command.
Unknown command.
Okay, then.
Items here: )) [[ †.
You barely miss the ice beast.
The ice beast is heavily wounded.
The ice beast closely misses you. The ice beast hits you.
* * * LOW HITPOINT WARNING * * *
The ice beast freezes you!
You die...

### .########'## #.#
#.........# #..
#....†....# #.#
#.........# #.#
#.#.........# #.#
#.#.........# #.#
..+.........+ #.#
#.#.........# #@#
#.########'## #Y# #.#
###.# #z#+##'## #...#
#..†....# #...#
#..†....#####...#
....z.........'.......#
#######.......#####...#
#.......##########
#.#######.........


You could see an ice beast and a wight.

Vanquished Creatures
  Grinder (D:6)
  3 black bears
  An ice beast (D:4)
  2 necrophages
  2 bullfrogs (D:6)
  A water moccasin zombie (D:5)
  3 scorpions
  3 wights (D:6)
  A howler monkey (D:6)
  A centaur zombie (D:6)
  2 hounds
  A jelly (D:3)
  A bullfrog skeleton (D:4)
  3 orc priests
  A centaur skeleton (D:4)
  2 orc wizards
  A hound skeleton (D:5)
  8 adders
  A white imp (D:6)
  2 ufetubi (D:5)
  A worm (D:2)
  18 orcs
  7 ball pythons
  3 bats
  9 endoplasms
  3 giant cockroaches
  7 hobgoblins
  2 jackals (D:5)
  3 quokkas
  A frilled lizard (D:2)
  9 goblins
  3 kobolds
  4 rats
110 creatures vanquished.

Vanquished Creatures (others)
  A plant (D:1)
1 creature vanquished.

Grand Total: 111 creatures vanquished

Notes
Turn   | Place    | Note
-------+----------+-------------------------------------------
     0 | D:1      | Zeld the Minotaur Berserker began the quest for the Orb.
     0 | D:1      | Reached XP level 1. HP: 19/19 MP: 0/0
   228 | D:1      | Reached XP level 2. HP: 22/27 MP: 1/1
   308 | D:1      | Reached skill level 4 in Axes
  1077 | D:2      | Reached XP level 3. HP: 7/33 MP: 2/2
  1704 | D:2      | Found a faded altar of an unknown god.
  1991 | D:2      | Reached XP level 4. HP: 40/40 MP: 3/3
  2397 | D:2      | Reached ** piety under Trog
  2449 | D:3      | Noticed a necrophage
  2462 | D:3      | Killed a necrophage
  2463 | D:3      | Reached skill level 5 in Axes
  2463 | D:3      | Reached XP level 5. HP: 11/47 MP: 4/4
  2747 | D:3      | HP: 2/70 [something (2)]
  3129 | D:3      | Reached XP level 6. HP: 17/55 MP: 5/5
  3343 | D:3      | Found a hide-covered altar of Uskayaw.
  3599 | D:4      | Noticed an ice beast
  3607 | D:4      | Killed an ice beast
  3608 | D:4      | Reached skill level 5 in Fighting
  3608 | D:4      | Reached skill level 6 in Axes
  4429 | D:4      | Reached XP level 7. HP: 51/61 MP: 6/6
  4825 | D:5      | Entered Level 5 of the Dungeon
  4857 | D:5      | Found a staircase to the Ecumenical Temple.
  4902 | Temple   | Entered the Ecumenical Temple
  5282 | D:5      | Reached skill level 7 in Axes
  5344 | D:5      | Reached skill level 5 in Armour
  5611 | D:5      | Reached *** piety under Trog
  5954 | D:6      | Reached skill level 5 in Dodging
  5954 | D:6      | Reached XP level 8. HP: 35/70 MP: 7/7
  6165 | D:6      | Noticed Grinder
  6170 | D:6      | Reached skill level 8 in Axes
  6176 | D:6      | Killed Grinder
  6744 | D:6      | Reached skill level 9 in Axes
  6744 | D:6      | Reached skill level 1 in Evocations
  6769 | D:6      | HP: 3/73 [ice beast (14)]
  6771 | D:6      | Mangled by an ice beast

Illustrated notes

Levels and vault maps discovered:
D:1:      scummos_arrival_hexagon, layout_loops_ring, serial_bayou_lake_a
D:2:      layout_basic, ebering_ecumenical_altar_rust
D:3:      layout_rooms, nicolae_uskayaw_dance_hall, lemuel_another_geyser
D:4:      layout_basic
D:5:      layout_basic, minmay_temple_entry_tees
D:6:      layout_basic, uniq_grinder
Temple:   nicolae_temple_the_god_donut

Skill      XL: |  1  2  3  4  5  6  7  8 |
---------------+-------------------------+-----
Axes           | 4 5 6 7 9 |  9.2
Fighting       | 4 5 6 7 |  7.0
Armour         | 3 4 5 6 |  6.4
Dodging        | 3 4 5 |  5.8
Evocations     | 1 |  1.4

Action                   |  1- 3 |  4- 6 |  7- 9 || total
-------------------------+-------+-------+-------++-------
Melee: Hand axe          |    82 |    97 |   134 ||   313
       Headbutt          |    12 |    19 |    30 ||    61
       Punch             |     2 |     2 |     2 ||     6
Invok: Berserk           |     1 |     2 |     1 ||     4
       Trog's Hand       |       |     1 |     1 ||     2
 Stab: Sleeping          |     1 |       |       ||     1
Armor: Animal skin       |    26 |    21 |    31 ||    78
Dodge: Dodged            |    43 |    46 |    93 ||   182
